 Dungeon Crawl Stone Soup version 0.31-a0-986-g5e6e4ef867 (webtiles) character file.

Game seed: 3733812162769377135

17129 2FriedEggs the Destroyer (level 12, -1/69 HPs)
             Began as an Octopode Conjurer on Nov 14, 2023.
             Was an Elder of Hepliaklqana.
             Slain by a merfolk
             ... wielding a +0 trident
              (13 damage)
             ... on level 2 of the Lair of Beasts.
             The game lasted 00:41:35 (16609 turns).

2FriedEggs the Destroyer (Octopode Conjurer)       Turns: 16609, Time: 00:41:35

Health: -1/69      AC:  3    Str: 12    XL:     12   Next: 44%
Magic:  18/24      EV: 16    Int: 24    God:    Hepliaklqana [****..]
Gold:   819        SH:  0    Dex: 18    Spells: 10/28 levels left

rFire   . . .        x - staff of earth
rCold   . . .        (no shield)
rNeg    . . .        G - +2 hat
rPois   +            (no amulet)
rElec   .            e - ring of poison resistance
rCorr   .            b - +6 ring of strength
SInv    .            f - +6 ring of dexterity
Will    .....        u - ring of wizardry
Stlth   +++          (no ring)
HPRegen 0.31/turn    (no ring)
MPRegen 0.19/turn    (no ring)
                     (no ring)

%: wizardry (x1)
@: no status effects
A: reduced essence, almost no armour, amphibious, 8 rings, camouflage 1,
gelatinous body 1, (nimble swimmer 1), tentacles
a: Renounce Religion, Recall Ancestor, Ancestor Identity, Transference, Idealise


You were on level 2 of the Lair of Beasts.
You worshipped Hepliaklqana.
Hepliaklqana was greatly pleased with you.
You visited 3 branches of the dungeon, and saw 13 of its levels.
You also visited: Sewer.

You collected 819 gold pieces.

Inventory:

Hand Weapons
 c - a +2 dagger of speed
Missiles
 K - 2 throwing nets
Armour
 G - a +2 hat (worn)
Magical Staves
 h - a staff of poison
 x - a staff of earth (weapon)
Jewellery
 b - a +6 ring of strength (right tentacle)
 e - a ring of poison resistance (left tentacle)
 f - a +6 ring of dexterity (on tentacle)
 u - a ring of wizardry (on tentacle)
Wands
 y - a wand of flame (35)
 B - a wand of mindburst (11)
 E - a wand of roots (14)
 I - a wand of charming (12)
 J - a wand of light (6)
Scrolls
 g - 2 scrolls of immolation
 i - 3 scrolls of poison
 m - 3 scrolls of fear
 o - a scroll of revelation
 p - 3 scrolls of blinking
 v - a scroll of enchant armour
 C - 3 scrolls of amnesia
 D - a scroll of enchant weapon
 L - 2 scrolls of teleportation
Potions
 a - a potion of magic
 d - 2 potions of berserk rage {unknown}
 j - 2 potions of lignification {unknown}
 k - a potion of heal wounds {unknown}
 l - a potion of resistance {unknown}
 n - 4 potions of haste {unknown}
 q - a potion of attraction {unknown}
 r - 2 potions of enlightenment {unknown}
 s - 2 potions of invisibility {unknown}
 t - a potion of cancellation {unknown}
 w - 2 potions of might {unknown}
 z - 3 potions of curing {unknown}
 A - a potion of brilliance {unknown}
 H - a potion of ambrosia


   Skills:
 + Level 5.3 Fighting
 + Level 5.9 Dodging
 - Level 3.0 Stealth
 * Level 8.8 Spellcasting
 - Level 11.2 Conjurations
 - Level 5.0 Hexes
 - Level 4.0 Translocations
 - Level 10.2 Earth Magic
 * Level 1.8 Invocations


You had 10 spell levels left.
You knew the following spells:

 Your Spells              Type           Power      Damage    Failure   Level
a - Stone Arrow           Conj/Erth      100%       3d13      1%          3
b - Searing Ray           Conj           100%       2d8       1%          2
c - Fulminant Prism       Conj/Hex       24%        3d12      1%          4
d - Iskenderun's Mystic   Conj/Tloc      47%        2d10      1%          4
e - Magic Dart            Conj           100%       1d8       1%          1
f - Cause Fear            Hex            17%        N/A       3%          4

Your spell library contained the following spells:

 Spells                   Type           Power      Damage    Failure   Level
 Apportation              Tloc           58%        N/A       1%          1
 Dazzling Flash           Conj/Hex       98%        N/A       1%          3
 Necrotise                Necr           40%        1d6       2%          1
 Summon Small Mammal      Summ           40%        N/A       2%          1
 Summon Guardian Golem    Hex/Summ       22%        N/A       2%          3
 Cigotuvi's Dreadful Rot  Necr/Pois/Air  20%        N/A       3%          2
 Arcjolt                  Conj/Air       18%        1d28      7%          5
 Call Canine Familiar     Summ           10%        N/A       8%          3
 Anguish                  Hex/Necr       11%        N/A       9%          4
 Vhi's Electric Charge    Tloc/Air       40%        N/A       11%         4
 Animate Dead             Necr           10%        N/A       24%         4
 Dispel Undead            Necr           10%        3d9       24%         4
 Lehudib's Crystal Spear  Conj/Erth      37%        10d9      86%         8
 Enfeeble                 Hex            17%        N/A       92%         7
 Death Channel            Necr           5%         N/A       97%         6
 Plasma Beam              Fire/Air       5%         2x1d15    97%         6
 Haunt                    Necr/Summ      5%         N/A       100%        7
 Infestation              Necr           5%         N/A       100%        8
 Animate Armour           Summ/Erth      Unusable   N/A       N/A         4

Dungeon Overview and Level Annotations

Branches:
Dungeon (10/15)            Temple (1/1) D:6            Lair (2/5) D:10
  Snake (0/4) Lair:2          Orc (0/2) D:10          Sewer (visited)
  Swamp: Lair:2-3    Shoals: Lair:2-3

Altars:
Ashenzari
Cheibriados
Dithmenos
Elyvilon
Fedhas
Gozag
Hepliaklqana
Kikubaaqudgha
Makhleb
Nemelex Xobeh
Okawaru
Qazlal
Ru
Sif Muna
Trog
Uskayaw
Vehumet
Wu Jian
Xom
Yredelemnul
Zin
The Shining One

Shops:
D:4 !   D:5 (   D:8 *

Annotations:
D:3 1 runed translucent door, mandarbmax's ghost, amateur HuWn


Innate Abilities, Weirdness & Mutations

Your life essence is reduced to manifest your ancestor. (-10% HP)
You cannot wear most types of armour.
You are amphibious.
You can wear up to eight rings at the same time.
Your skin changes colour to match your surroundings (Stealth+).
Your rubbery body absorbs attacks. (AC +1, EV +1)
((You are camouflaged when in or above water. (Stealth+)))
You have tentacles for arms and can constrict up to eight enemies at once.


Message History

Unknown command.
Things that are here:
a wolf skeleton; a wolf skeleton
Okay, then.
Octavia emerges from the mists of memory!
A merfolk comes into view. It is wielding a +0 trident.
A merfolk is nearby!
Okay, then.
Found a staircase to the Snake Pit.
A steam dragon comes into view.
The steam dragon moves out of view.
The merfolk hits you from afar with a +0 trident!!
You hear an angry hiss.
Found a yellow potion.
The steam dragon hisses angrily.
The merfolk hits you from afar with a +0 trident!!
You are too injured to fight recklessly!
The merfolk hits you from afar with a +0 trident!
* * * LOW HITPOINT WARNING * * *
Octavia casts a spell at the merfolk.
The stone arrow hits the merfolk!
Casting: Stone Arrow (safe; 1% risk of failure)
Confirm with . or Enter, or press ? or * to list all spells.
Aiming: Stone Arrow (safe; 1% risk of failure)
Press: ? - help, Shift-Dir - straight line, f - merfolk
Aim: a merfolk, wielding a +0 trident and wearing a +0 scale mail (moderately wounded, ally target, 75% to hit)
You feel a surge of power!
The stone arrow hits the merfolk!
The merfolk is heavily wounded.
Octavia casts a spell at the merfolk.
The stone arrow hits the merfolk.
Casting: Stone Arrow (safe; 1% risk of failure)
Confirm with . or Enter, or press ? or * to list all spells.
Aiming: Stone Arrow (safe; 1% risk of failure)
Press: ? - help, Shift-Dir - straight line, f/p - merfolk
Aim: a merfolk, wielding a +0 trident and wearing a +0 scale mail (severely wounded, not watching you, ally target, 75% to hit)
You feel a surge of power!
The stone arrow hits the merfolk but does no damage.
The merfolk is severely wounded.
The merfolk hits you with a +0 trident!
You die...

#.#..#.#..#### ##............#
..............# #..>..........
.#............. .............!.
## #.......D...... .### #+##..m.#
...# ####....#.@#
...####...8....R.# ..
...#..#.....#.##.## ..
...##.^...# ##...P# #.. ........#
###..#### ####.. .†[.8...#
##.P+#.#P## #.....
#.......####....)....#######.....
..8.[.8.÷...........P#P##.##.....
.†...÷..#..P....)...##...^.......


You could see the friendly Octavia the battlemage, a merfolk (ally target) and a
steam dragon.

Vanquished Creatures
  Erica (D:8)
  5 two-headed ogres
  A cyclops (D:10)
  A black mamba (Lair:1)
  5 cane toads
  2 komodo dragons
  A troll (D:9)
  2 dream sheep (Lair:2)
  12 yaks
  3 wargs (D:10)
  3 water moccasins
  An ice beast (D:7)
  A black bear (D:7)
  7 wolves
  2 centaurs (D:7)
  3 kobold brigands
  5 bullfrogs
  2 scorpions
  15 wights
  10 killer bees
  3 electric eels (D:7)
  2 howler monkeys
  3 hounds
  3 gnoll boudas
  7 orc priests
  6 jellies
  2 sleepcaps (D:5)
  7 orc wizards
  An iguana (D:7)
  18 gnolls
  14 adders
  A river rat (D:5)
  A shadow imp (D:7)
  A white imp (D:7)
  2 ufetubi (D:7)
  3 dart slugs
  5 worms
  23 orcs
  5 bats
  9 endoplasms
  12 giant cockroaches
  7 goblins
  8 hobgoblins
  A jackal (D:6)
  4 quokkas
  9 ball pythons
  14 frilled lizards
  17 kobolds
  7 rats
277 creatures vanquished.

Vanquished Creatures (collateral kills)
  A two-headed ogre (D:9)
  Maurice (D:9)
  A cane toad (Lair:1)
  5 yaks
  A steam dragon (D:9)
  4 orc warriors
  5 wolves
  A centaur (D:9)
  A kobold brigand (D:9)
  A gnoll sergeant (D:10)
  A bullfrog (Lair:1)
  2 wights
  11 killer bees
  4 orc priests
  A gnoll bouda (D:10)
  2 orc wizards (D:10)
  2 gnolls (D:10)
  9 orcs
  6 kobolds
59 creatures vanquished.

Vanquished Creatures (others)
  A killer bee (D:10)
  5 battlemagi
  9 ancestors
  10 fulminant prisms
25 creatures vanquished.

Grand Total: 361 creatures vanquished

Notes
Turn   | Place    | Note
-------+----------+-------------------------------------------
     0 | D:1      | 2FriedEggs the Octopode Conjurer began the quest for the
                  | Orb.
     0 | D:1      | Reached XP level 1. HP: 11/11 MP: 3/3
   145 | D:1      | Reached XP level 2. HP: 17/17 MP: 1/5
   446 | D:1      | Reached XP level 3. HP: 14/21 MP: 6/6
   869 | D:1      | Learned a level 3 spell: Stone Arrow
   872 | D:1      | Learned a level 2 spell: Searing Ray
  1337 | D:2      | Reached XP level 4. HP: 21/27 MP: 3/8
  2058 | D:3      | Found a runed translucent door.
  2086 | D:3      | Noticed mandarbmax's ghost (amateur HuWn)
  2117 | D:3      | Found a faded altar of an unknown god.
  2284 | D:3      | Reached XP level 5. HP: 31/31 MP: 4/10
  2882 | D:3      | Learned a level 4 spell: Iskenderun's Mystic Blast
  3333 | D:3      | Found a shadowy altar of Dithmenos.
  3342 | D:3      | Found a hide-covered altar of Uskayaw.
  3511 | D:4      | Reached skill level 5 in Spellcasting
  3511 | D:4      | Reached XP level 6. HP: 36/36 MP: 8/13
  4501 | D:4      | Found Woydwi's Distillery.
  4669 | D:5      | Entered Level 5 of the Dungeon
  4721 | D:5      | Reached skill level 1 in Earth Magic
  4786 | D:5      | Reached XP level 7. HP: 41/41 MP: 5/15
  4805 | D:5      | Found Tustriar's Weapon Shoppe.
  4836 | D:5      | Reached skill level 5 in Conjurations
  4847 | D:5      | Found a glowing drain.
  4960 | Sewer    | Entered a sewer
  6182 | D:5      | Reached skill level 6 in Conjurations
  6488 | D:5      | Reached XP level 8. HP: 46/46 MP: 2/16
  6821 | D:6      | Found a staircase to the Ecumenical Temple.
  6830 | Temple   | Entered the Ecumenical Temple
  6843 | Temple   | Became a worshipper of Hepliaklqana the Forgotten
  7321 | D:6      | Noticed a two-headed ogre
  7327 | D:6      | Killed a two-headed ogre
  7328 | D:6      | Reached skill level 8 in Conjurations
  7328 | D:6      | Reached XP level 9. HP: 51/51 MP: 7/17
  7607 | D:6      | Found a sacrificial altar of Ru.
  8063 | D:7      | Reached * piety under Hepliaklqana
  8310 | D:7      | Noticed a two-headed ogre
  8439 | D:7      | Killed a two-headed ogre
  8440 | D:7      | Reached skill level 9 in Conjurations
  8935 | D:7      | Reached XP level 10. HP: 50/50 MP: 2/18
  9353 | D:7      | Reached skill level 10 in Conjurations
  9861 | D:8      | Noticed a two-headed ogre
 10137 | D:8      | Killed a two-headed ogre
 10431 | D:8      | Found Feprunud's Overcharged Wands.
 10775 | D:8      | Noticed a two-headed ogre
 10836 | D:8      | Killed a two-headed ogre
 10837 | D:8      | Reached skill level 11 in Conjurations
 10837 | D:8      | Reached skill level 10 in Earth Magic
 11033 | D:8      | Noticed Erica
 11040 | D:8      | Learned a level 4 spell: Fulminant Prism
 11072 | D:8      | Killed Erica
 11229 | D:8      | Reached XP level 11. HP: 54/54 MP: 12/19
 11910 | D:9      | Reached ** piety under Hepliaklqana
 11911 | D:9      | Remembered your ancestor Octavia as a battlemage
 11947 | D:9      | Reached skill level 5 in Hexes
 11954 | D:9      | Reached skill level 1 in Translocations
 12835 | D:9      | Noticed a two-headed ogre
 12840 | D:9      | Killed a two-headed ogre
 12841 | D:9      | Reached skill level 1 in Fighting
 12928 | D:9      | Noticed Maurice
 12938 | D:9      | Killed Maurice
 13096 | D:9      | Noticed a two-headed ogre
 13103 | D:9      | Killed a two-headed ogre
 13279 | D:10     | Entered Level 10 of the Dungeon
 14042 | D:10     | Found a staircase to the Orcish Mines.
 14140 | D:10     | Noticed a cyclops
 14161 | D:10     | Killed a cyclops
 14623 | D:10     | Reached *** piety under Hepliaklqana
 14672 | D:10     | Learned a level 4 spell: Cause Fear
 14675 | D:10     | Found a staircase to the Lair.
 14804 | Lair:1   | Entered Level 1 of the Lair of Beasts
 14862 | Lair:1   | Reached XP level 12. HP: 46/66 MP: 9/23
 14880 | Lair:1   | Reached skill level 5 in Dodging
 16135 | Lair:2   | Reached skill level 5 in Fighting
 16269 | Lair:2   | Reached **** piety under Hepliaklqana
 16323 | Lair:2   | Reached skill level 1 in Invocations
 16603 | Lair:2   | Found a staircase to the Snake Pit.
 16609 | Lair:2   | Slain by a merfolk

Illustrated notes

Levels and vault maps discovered:
D:1:      roderic_crop_circles_arrival_small, layout_loops_cross,
          hangedman_glass_teeth
D:2:      layout_loops_ring
D:3:      minmay_recursive_quarters, layout_basic, mainiacjoe_overflow_swirl,
          ebering_ghost_reflecting_pool, hellmonk_ecumenical_altar_slurped_away,
          chequers_serial_rivers_room_b, item_on_display_a
D:4:      layout_loops_corners, serial_shops, shop, serial_bayou_pond_d
D:5:      layout_gridville, portal_sewer_entry_a, serial_shops,
          nicolae_shop_behind_doors, dk_noncrumbling_3,
          nicolae_kite_square_tiling_tiny, glass_columns_a, minivault_24,
          serial_bayou_lake_a
D:6:      layout_layer_cave, nicolae_ru_great_annihilating_truth,
          minmay_temple_entry_junction_2
D:7:      layout_basic, water_boxes_lemuel
D:8:      layout_cave_pods, serial_rivers, chequers_serial_rivers_small_a,
          chequers_serial_rivers_small_3, chequers_serial_rivers_micro_d,
          chequers_serial_rivers_large_b, nicolae_shop_overcharged_wands,
          uniq_erica
D:9:      layout_irregular_city, serial_column_ruins,
          column_ruins_courtyard_long, column_ruins_grid_3, column_ruins_grid_1,
          column_ruins_grid_1, column_ruins_grid_3,
          amcnicky_mini_rare_corridor_liquid, uniq_maurice
D:10:     layout_loops_ring, erik_lair_orcish_takeover,
          minmay_orc_entry_temple_large
Temple:   nicolae_temple_bog_church
Lair:1:   layout_gridlike
Lair:2:   layout_roguey [special_room_bee], mainiacjoe_shoals_entry_four_pools,
          dummy_snake_entry, dreamdust_gnoll_shepherd, grunt_megastairs_4,
          infiniplex_staircase_pool_2

Skill      XL: |  1  2  3  4  5  6  7  8  9 10 11 12 |
---------------+-------------------------------------+-----
Stealth        | 3 |  3.0
Spellcasting   | 3 5 7 8 |  8.8
Earth Magic    | 1 4 6 8 10 | 10.2
Conjurations   | 6 8 9 11 | 11.2
Hexes          | 3 5 |  5.0
Translocations | 4 |  4.0
Fighting       | 4 5 |  5.3
Dodging        | 4 5 |  5.9
Invocations    | 1 |  1.8

Action                     |  1- 3 |  4- 6 |  7- 9 | 10-12 || total
---------------------------+-------+-------+-------+-------++-------
  Melee: Unarmed           |     6 |       |       |       ||     6
         Dagger            |    29 |    22 |    28 |       ||    79
         Constrict         |    10 |     4 |    10 |     8 ||    32
         Tentacles         |     5 |     4 |    11 |     8 ||    28
         Punch             |       |     1 |     1 |       ||     2
         Staff             |       |       |    13 |    18 ||    31
   Cast: Magic Dart        |     3 |       |     2 |     4 ||     9
         Searing Ray       |     7 |    39 |     1 |     1 ||    48
         Stone Arrow       |       |     5 |    88 |   186 ||   279
         Iskenderun's Myst |       |       |     6 |     1 ||     7
         Fulminant Prism   |       |       |       |    10 ||    10
         Cause Fear        |       |       |       |     1 ||     1
 Invoke: Recall Ancestor   |       |       |     1 |     4 ||     5
         Ancestor Life: Ba |       |       |       |     1 ||     1
  Evoke: Wand              |       |       |     1 |     4 ||     5
    Use: Scroll            |       |     1 |     5 |     3 ||     9
   Stab: Sleeping          |     9 |     2 |     1 |       ||    12
 Armour: Skin              |    13 |    26 |    34 |    33 ||   106
  Dodge: Dodged            |    19 |    40 |    32 |    35 ||   126

Table legend: (Time is in decaauts)
 A = Elapsed time spent in this place.
 B = Non-inter-level travel time spent in this place.
 C = Inter-level travel time spent in this place.
 D = Time resting spent in this place.
 E = Time spent auto-exploring this place.
 F = Levels seen in this place.
 G = Mean time per level.
                   A        B        C        D        E       F      G
               +--------+--------+--------+--------+--------+-----+--------+
         Total |  16607 |  15881 |    726 |   3593 |   9574 |  14 | 1186.2 |
       Dungeon |  14323 |  13631 |    692 |   2817 |   8497 |  10 | 1432.3 |
        Temple |     23 |     14 |      9 |      0 |      0 |   1 |   23.0 |
          Lair |   1804 |   1779 |     25 |    622 |    936 |   2 |  902.0 |
         Sewer |    456 |    456 |      0 |    154 |    141 |   1 |  456.0 |
               +--------+--------+--------+--------+--------+-----+--------+

Top non-repeatable levels by time:
     D:8: 2313 daAuts
     D:7: 1694 daAuts
    D:10: 1525 daAuts
     D:3: 1472 daAuts
     D:4: 1462 daAuts
     D:5: 1413 daAuts
     D:6: 1345 daAuts
  Lair:1: 1327 daAuts
     D:2: 1100 daAuts
     D:9: 1088 daAuts
     D:1: 907 daAuts
  Lair:2: 476 daAuts
   Sewer: 456 daAuts
  Temple: 23 daAuts
